[Event "Saint Louis Norm Congress-GM 2022"]
[Site "Saint Louis"]
[Date "2022.05.20"]
[Round "2.4"]
[White "Belous, Vladimir"]
[Black "Park, Evan"]
[Result "1-0"]
[ECO "C01"]
[WhiteElo "2525"]
[BlackElo "2431"]
[Annotator "TA"]
[PlyCount "85"]
[EventDate "2022.05.20"]
[EventType "tourn"]
[EventCountry "USA"]
[SourceTitle "playchess.com"]
[Source "ChessBase"]
[SourceQuality "1"]
[TimeControl "5400+30"]

1. c4 e6 2. e4 d5 3. exd5 exd5 4. d4 Nf6 5. Nc3 Bb4 6. Bd3 O-O 7. Nge2 dxc4 8. Bxc4 Nbd7 {[%emt 0:00:11] 8...Nc6 deserves study. C01: French: Exchange Variation.} 9. O-O Nb6 10. Bb3 c6 {[%emt 0:07:47] The position is equal.} 11. Qd3 Nfd5 12. Nf4 {[%emt 0:03:29] [#]} Bd6 $146 ({Predecessor:} 12... Ne7 13. a3 Bd6 14. Qf3 Ng6 15. Nxg6 hxg6 16. h3 Bb8 17. Re1 a5 18. a4 Bf5 {1-0 (87) Abdulov,O (2339)-Volkov,S (2594) Dubai 2009}) 13. Ncxd5 Nxd5 14. Nxd5 cxd5 15. h3 Bc7 16. Re1 Qd6 17. Re5 {[%emt 0:09:52] Active counter play!} f6 18. Rxd5 Qh2+ 19. Kf1 {[%emt 0:00:39] Hoping for Rh5+.} Be6 $1 {[%emt 0:01:10] Strongly threatening ...Qh1+.} (19... Qh1+ 20. Ke2 Be6 21. Rd7 $18) 20. Rd7 (20. Rh5 Rae8 21. Be3 (21. Qxh7+ $2 Kf7 $19) 21... g6 $17) 20... Bxb3 {[%emt 0:09:47] Black is now going downhill.} (20... Rae8 $1 $11 21. Be3 Qh1+ 22. Ke2 Qxa1 23. Bxe6+ Kh8) 21. Qxb3+ $18 (21. axb3 Rae8 22. Be3 Qh1+ 23. Ke2 Qxa1 $17) 21... Kh8 {[%emt 0:00:21] [#]} 22. Bh6 $1 gxh6 23. Qc2 {[%emt 0:00:29][%csl Gd7][%cal Rc2h7] Chess con chili.} f5 (23... Qh1+ $2 24. Ke2 f5 25. Rxh1 $18) 24. Qxc7 Qh1+ 25. Ke2 Qxg2 26. Qe5+ $40 {[%emt 0:05:40][%mdl 128] White is out for blood.} (26. Qxb7 Rae8+ 27. Kd3 Qg6 $11) (26. Rxh7+ $6 Kg8 27. Re7 (27. Qxb7 Rae8+ 28. Kd3 Qe4+ 29. Kc3 Rc8+ 30. Kb4 Qxd4+ 31. Ka3 Qc5+ 32. Kb3 Qc4+ 33. Ka3 Qc5+ 34. Ka4 Qd4+ 35. Kb3 Qc4+ 36. Ka3 Qc5+ $11) 27... Rae8) 26... Kg8 27. Qd5+ Qxd5 28. Rg1+ (28. Rxd5 $6 Rae8+ 29. Kf3 Rd8 30. Rg1+ Kh8 31. Rxd8 Rxd8 $16) 28... Kh8 {[%emt 0:00:38] ( -> ...Rae8+)} 29. Rxd5 {[%emt 0:00:02][%mdl 4096] Endgame KRR-KRR} Rf7 30. Rd6 f4 (30... a5 $16 31. Kd3 (31. Rxh6 Re7+ 32. Kd3 Rd8 $16) 31... Rc8 32. Rxh6 Rd8) 31. Kf3 (31. Rxh6 $6 Rd7) 31... h5 32. Rg5 Rc8 33. h4 (33. Rxh5 $6 Kg7 34. Rc5 Re8 $18) 33... b6 34. d5 (34. Rxh5 $6 Kg7 35. Rdh6 Kg8 $18) 34... Re7 35. Rf6 ({Resist} 35. Kxf4 $6 Re2 $18) 35... Re1 $2 (35... Rd8 36. Rxh5 (36. Kxf4 Re2 $16) 36... Red7) 36. Rf7 {[%emt 0:00:42] White is clearly winning.} h6 37. Rxh5 Kg8 38. Rxa7 Rc2 39. Rxh6 {[%emt 0:01:55] Threatens to win with Rg6+.} Ree2 40. Rg6+ Kh8 41. Kg4 {[%emt 0:03:27] White threatens Kg5 and mate.} Rxf2 42. Kh5 {[%emt 0:00:05] White wants to mate with Kh6.} Rh2 43. Rg4 {[%emt 0:00:10] Weighted Error Value: White=0.03 (flawless) /Black=0.36} 1-0

[Event "Saint Louis Norm Congress-GM 2022"]
[Site "Saint Louis"]
[Date "2022.05.20"]
[Round "2.5"]
[White "Brodsky, David"]
[Black "Repka, Christopher"]
[Result "1/2-1/2"]
[ECO "C07"]
[WhiteElo "2484"]
[BlackElo "2524"]
[Annotator "TA"]
[PlyCount "78"]
[EventDate "2022.05.20"]
[EventType "tourn"]
[EventCountry "USA"]
[SourceTitle "playchess.com"]
[Source "ChessBase"]
[SourceQuality "1"]
[TimeControl "5400+30"]

1. e4 e6 2. d4 d5 3. Nd2 c5 4. Ngf3 cxd4 5. Nxd4 Nc6 6. Bb5 Bd7 7. Nxc6 bxc6 8. Bd3 {[%emt 0:00:09] The position is equal.} Bd6 {[%emt 0:00:01] C07: French Tarrasch: 3...c5, 4 Ngf3 and 4 exd5 Qxd5.} 9. Qe2 e5 $1 {[%emt 0:01:58][%mdl 4] now scores much better than the old 9...Ne7.} 10. c4 d4 11. c5 Bxc5 12. Nc4 Bb4+ 13. Bd2 Qe7 14. O-O Bxd2 15. Qxd2 Nh6 16. f4 Ng4 17. h3 Ne3 18. Nxe3 dxe3 19. Qxe3 exf4 20. Qxf4 {[%emt 0:00:39] [#]} Be6 $146 ({Predecessor:} 20... O-O 21. Rac1 Qb4 22. Bc4 Qxb2 23. Bxf7+ Kh8 24. Qd6 Bxh3 25. gxh3 Rxf7 26. e5 Re8 {½-½ (50) Raja,H (2459)-Sturt,R (2494) Banja Vrujci 2021}) 21. b3 Rd8 22. Rfd1 O-O 23. Rac1 Rd4 24. Be2 Rxd1+ 25. Rxd1 Qc5+ 26. Qf2 Qg5 27. Rd3 c5 28. Qe3 Qe5 29. Rc3 Rc8 30. Bc4 Bxc4 31. Rxc4 $11 {[%emt 0:00:06][%mdl 4096] Endgame KQR-KQR} Qa1+ 32. Kh2 Qxa2 33. Rxc5 Rxc5 34. Qxc5 {[%emt 0:00:04][%cal Rc5c8] [#] KQ-KQ} Qa6 {[%emt 0:00:18] Inhibits Qc8+.} 35. Qe7 g6 36. Qd8+ Kg7 37. Qd4+ Kf8 38. Qd8+ Kg7 39. Qd4+ Kf8 {[%emt 0:03:59] An even fight not without its subleties.  Weighted Error Value: White=0.02 (flawless) /Black=0.01 (flawless)} 1/2-1/2

[Event "Saint Louis Norm Congress-GM 2022"]
[Site "Saint Louis"]
[Date "2022.05.20"]
[Round "3.1"]
[White "Repka, Christopher"]
[Black "Stearman, Josiah"]
[Result "1/2-1/2"]
[ECO "E48"]
[WhiteElo "2524"]
[BlackElo "2375"]
[Annotator "TA"]
[PlyCount "106"]
[EventDate "2022.05.20"]
[EventType "tourn"]
[EventCountry "USA"]
[SourceTitle "playchess.com"]
[Source "ChessBase"]
[SourceQuality "1"]
[TimeControl "5400+30"]

1. d4 Nf6 2. c4 e6 3. Nc3 Bb4 4. e3 O-O 5. Bd3 d5 6. cxd5 exd5 7. Nge2 b6 8. O-O {[%emt 0:02:08] E48: Nimzo-Indian: Rubinstein: 5 Bd3 d5 including 6 Ne2, but excluding 6 a3.} Re8 9. a3 Bd6 {[%emt 0:00:44] [#]} 10. Nf4 $146 ({Predecessor:} 10. b4 a6 11. Rb1 Nbd7 12. f3 c5 13. bxc5 bxc5 14. Nf4 cxd4 15. exd4 Nb6 16. Re1 {½-½ (24) Andersen,M (2542)-Grandelius,N (2642) Denmark 2017}) 10... Bxf4 11. exf4 Ba6 (11... Nc6 $5 ) 12. Bxa6 Nxa6 13. Qd3 Nb8 14. f5 Ne4 15. Bf4 c6 (15... Qd7 $11) 16. Rae1 Nf6 17. Qf3 Nbd7 18. g4 h6 19. h4 Nh7 {[%emt 0:00:31] Against g5} 20. Rxe8+ Qxe8 21. g5 hxg5 22. hxg5 g6 {[%emt 0:00:45] [#]} (22... Qe7 $16 {keeps fighting.}) 23. Kg2 (23. f6 $1 $18) 23... Ndf8 24. Rh1 Qd7 {[%emt 0:00:41] [#]} 25. fxg6 {[%emt 0:06:40] 0x0.00226ac98716dp-1022s more active pieces.} ({Better is} 25. f6 $1 $16 Qf5 26. Be3) 25... Nxg6 $11 26. Be5 (26. Be3 $5 ) 26... Nxe5 27. dxe5 Re8 (27... Qe7 $11 {keeps the balance.}) 28. Qh5 $16 Qf5 29. f4 Qg6 30. Qf3 (30. Ne2 $16) 30... f6 (30... Nxg5 $11 31. fxg5 Rxe5) 31. Rh6 (31. exf6 $14 d4 32. f7+ (32. Qxc6 dxc3 33. Qd5+ Kf8 $11) 32... Kxf7 33. Nd1) 31... Qc2+ $11 32. Qf2 Qxf2+ 33. Kxf2 fxg5 34. Rxc6 gxf4 35. Nxd5 {[%emt 0:00:07] Hoping for e6.} Rxe5 {[%emt 0:00:16][%mdl 4096] Endgame KRN-KRN} 36. Rc8+ Nf8 37. Nxf4 {[%emt 0:00:10][%cal Oc8f8] And now Rxf8+! would win.} Re7 38. Ng6 Rf7+ 39. Ke3 {[%emt 0:00:50] Ke4 is the strong threat.} Kg7 $1 40. Nf4 (40. Ne5 $5 Re7 41. Kd4 $11) 40... Rd7 {[%emt 0:01:20] The position is equal.} 41. Ke4 Kf7 42. Kf5 Ke7 43. Ke5 Kf7 44. b4 a5 45. b5 Rd1 46. Ke4 Nd7 47. Nd3 Ke7 48. a4 Ra1 49. Rc4 Ra3 50. Nb2 Ra2 51. Nd3 Ra3 52. Nb2 Ra2 53. Nd3 Ra3 {[%emt 0:00:07] Weighted Error Value: White=0.16 (very precise) /Black=0.14 (very precise)} 1/2-1/2

[Event "Saint Louis Norm Congress-GM 2022"]
[Site "Saint Louis"]
[Date "2022.05.20"]
[Round "3.2"]
[White "Park, Evan"]
[Black "Brodsky, David"]
[Result "0-1"]
[ECO "B90"]
[WhiteElo "2431"]
[BlackElo "2484"]
[Annotator "TA"]
[PlyCount "74"]
[EventDate "2022.05.20"]
[EventType "tourn"]
[EventCountry "USA"]
[SourceTitle "playchess.com"]
[Source "ChessBase"]
[SourceQuality "1"]
[TimeControl "5400+30"]

1. e4 c5 2. Nf3 d6 3. d4 cxd4 4. Nxd4 Nf6 5. Nc3 a6 6. Be3 e5 7. Nb3 Be7 8. h3 {[%emt 0:00:43] B90: Sicilian Najdorf: Unusual White 6th moves, 6 Be3 Ng4 and 6 Be3 e5.} Be6 9. Qf3 O-O 10. g4 {[%emt 0:01:17] The position is equal.} d5 (10... b5 $11 {might be stronger.}) 11. exd5 Nxd5 12. O-O-O Nxc3 13. Rxd8 Rxd8 {[%emt 0:00:17] Really sharp!} 14. bxc3 Bd5 15. Qf5 Bxh1 {[%emt 0:21:11] [#]} 16. Bc4 $146 (16. Bc5 $142 Nc6 17. Bxe7 Nxe7 18. Qxe5) ({Predecessor:} 16. Kb2 Bd5 17. Bb6 Be6 18. Qe4 Rd7 19. Bd3 g6 20. Qxe5 Nc6 21. Qe3 Bf6 22. f4 {1-0 (41) Hansen,E (2568)-Kvetny,M (2201) Basel 2013}) 16... Bd5 $1 $11 17. Bxd5 Rxd5 18. Qc8+ Rd8 19. Qxb7 Ba3+ $1 20. Kb1 Nd7 {[%emt 0:00:51][%cal Od7c5] ...Nc5! is the strong threat.} 21. Bc1 Bf8 22. Qd5 a5 23. a4 {[%emt 0:01:39] [#]} ({Don't blunder} 23. Nxa5 $2 Nc5 24. Qxe5 Rxa5 $19) 23... Nc5 $1 24. Qxe5 (24. Qc4 Nxb3) 24... Nxa4 25. Be3 $2 {[%emt 0:00:42][%mdl 8192] White does not recover from this.} (25. Bd2 $17 {is a better chance.}) 25... Bd6 (25... Rd1+ $142 26. Bc1 g6) 26. Qf5 (26. Qd4 {was forced.} Bb4 27. cxb4 Rxd4 28. Nxd4 axb4 29. Ka2) 26... Nxc3+ $19 27. Kb2 Nd1+ 28. Ka2 $2 (28. Ka1 Bb4 29. Bb6) 28... a4 29. Nd4 Nc3+ 30. Kb2 Rdc8 {[%emt 0:01:14] [#] And now ...Rab8+ would win.} 31. Kc1 a3 {[%emt 0:00:53] Threatens to win with ...a2.} 32. Nb3 a2 33. Kd2 Bb4 {[%emt 0:00:47] Hoping for ...Rd8+.} 34. Bd4 g6 35. Qe5 Nb5+ 36. c3 Nxd4 37. Qg7+ Kxg7 {[%emt 0:00:05] Weighted Error Value: White=1.12/Black=0.10 (very precise)} 0-1

[Event "Saint Louis Norm Congress-GM 2022"]
[Site "Saint Louis"]
[Date "2022.05.20"]
[Round "3.3"]
[White "Matviishen, Viktor"]
[Black "Belous, Vladimir"]
[Result "0-1"]
[ECO "B51"]
[WhiteElo "2517"]
[BlackElo "2525"]
[Annotator "TA"]
[PlyCount "134"]
[EventDate "2022.05.20"]
[EventType "tourn"]
[EventCountry "USA"]
[SourceTitle "playchess.com"]
[Source "ChessBase"]
[SourceQuality "1"]
[TimeControl "5400+30"]

1. e4 c5 2. Nf3 Nc6 3. Bb5 d6 4. O-O Bd7 5. Re1 a6 6. Bf1 g6 7. c3 Bg4 8. h3 Bxf3 9. Qxf3 Bg7 10. d3 Nf6 11. Be3 Nd7 {[%emt 0:00:23] B51: Sicilian: Moscow Variation (3 Bb5+) without 3...Bd7.} 12. Nd2 b5 13. Qd1 O-O {[%emt 0:03:19] White is slightly better.} 14. Nf3 Nde5 15. Nh2 Nd7 16. Nf3 Nde5 17. Nh2 Nd7 18. d4 {[%emt 0:00:33][%cal Bd3d4,Bd4d5][%mdl 32] [#]} b4 $146 ({Predecessor:} 18... cxd4 19. cxd4 e5 20. Nf3 exd4 21. Nxd4 Nxd4 22. Bxd4 Qe7 23. Bxg7 Kxg7 24. Qd4+ Nf6 25. Rad1 Rfd8 26. f4 Kg8 {1-0 (57) Dobrov,V (2517)-Oganian,M (2370) Samara 2015}) 19. d5 Na7 20. cxb4 Bxb2 {[%emt 0:04:50] [#]} 21. bxc5 $1 {[%emt 0:00:16] aiming for c6.} Nxc5 (21... Bxa1 22. Qxa1) 22. Bh6 Re8 23. Rb1 Bh8 24. Ng4 Nb5 25. Bxb5 (25. Bd2 $16) 25... axb5 $11 26. Rxb5 Qd7 27. Qb1 Rxa2 $1 28. e5 (28. Rxc5 Ra1 29. Rb5 Rxb1 30. Rexb1 Bg7 $17) 28... Ra1 $1 29. Qxa1 Qxb5 30. Qd1 (30. Qa2 $11) 30... Nd3 $1 $17 31. Qe2 {[%emt 0:02:11] exd6 is the strong threat.} Qa5 $1 (31... Qxd5 $2 32. Rd1 $18) 32. Rd1 Nxe5 33. Ne3 Qa4 34. f4 (34. Ng4 $17 {might work better.}) 34... Nd7 $19 35. Kh2 Rb8 36. Qf3 (36. Rc1 $17) 36... Nc5 37. Bg5 (37. Nf5 {was necessary.} Bf6 38. Qg4) 37... Rb3 38. Re1 Bd4 39. Qg4 {[%emt 0:00:27] Strongly threatening Qc8+.} f5 (39... Rxe3 40. Rxe3 f5 41. Qf3 $17) (39... Bxe3 40. Qc8+ Kg7 41. Bh6+ Kf6 42. Rxe3 Rxe3 43. Bg5+ Kg7 44. Bh6+ Kf6 45. Bg5+ Kg7 46. Bh6+ Kf6 $11) 40. Nxf5 gxf5 41. Qxf5 Qd7 {[%emt 0:00:04] Against Qc8+} 42. Qxd7 Nxd7 43. Rxe7 Nc5 44. g4 Re3 (44... Kf8 $1 $17 45. Rxh7 Ne4) 45. Kg2 $15 Ne4 46. Bh4 {[%emt 0:00:17] [#] Against Rg3+} Nc3 $1 47. Rxe3 (47. Rd7 $17 {was the only defense.}) 47... Bxe3 $19 48. Kf3 Bc5 ({Worse is} 48... Nxd5 49. Ke4 Nxf4 50. Bg5 $11) 49. f5 Kf7 ({Wrong is} 49... Nxd5 $2 50. Be1) 50. g5 $2 (50. Bg5) 50... Nxd5 51. Ke4 Ne7 52. Be1 Bg1 53. h4 Bh2 54. h5 Be5 $2 (54... h6 $19 55. gxh6 Ng8) 55. Bb4 h6 (55... Ng8 $5 56. Kd5 Ne7+ 57. Ke4 Ng8 $17) 56. gxh6 Ng8 57. Kd5 $1 Nf6+ 58. Kc6 d5 {[%emt 0:00:10][%cal Bd6d5,Bd5d4,Bd4d3][%mdl 32] And now ...d4 would win.} 59. Kb5 $2 (59. Kc5 $11) 59... Bf4 $2 ({Weaker is} 59... Nxh5 60. h7 $17) ({Better is} 59... d4 $19 {White must now prevent ...Nd5.} 60. Kc4 Ng4) 60. Bc3 Be3 {[%emt 0:00:25] Threatens to win with ...d4.} 61. Be5 $2 (61. Bb4 $1 $11) 61... Ke7 62. Kc6 $2 (62. Kb4 Bxh6 63. Kc3) 62... d4 {[%emt 0:00:21] Black is clearly winning.} 63. Bd6+ Kf7 64. Bc5 Bf2 65. Bb4 {[%emt 0:00:20] [#]} d3 $1 66. Bd2 Bh4 67. Bc3 Bg5 {[%emt 0:00:11] Weighted Error Value: White=0.31/Black=0.27 (precise)} 0-1

[Event "Saint Louis Norm Congress-GM 2022"]
[Site "Saint Louis"]
[Date "2022.05.20"]
[Round "3.4"]
[White "Kavutskiy, Konstantin"]
[Black "Ruiz Castillo, Joshua Daniel"]
[Result "0-1"]
[ECO "E15"]
[WhiteElo "2407"]
[BlackElo "2473"]
[Annotator "TA"]
[PlyCount "226"]
[EventDate "2022.05.20"]
[EventType "tourn"]
[EventCountry "USA"]
[SourceTitle "playchess.com"]
[Source "ChessBase"]
[SourceQuality "1"]
[TimeControl "5400+30"]

1. d4 Nf6 2. c4 e6 3. Nf3 b6 4. g3 Ba6 5. b3 Bb4+ 6. Bd2 Be7 7. Nc3 O-O 8. Bg2 c6 9. e4 d5 10. exd5 cxd5 11. Ne5 Bb7 12. O-O Nc6 13. Bf4 Na5 14. Rc1 Rc8 15. cxd5 Bb4 (15... Ba3 $5 16. Rc2 Nxd5 17. Nxd5 Rxc2 18. Qxc2 Bxd5 $11) 16. Bd2 (16. dxe6 {with more complications.} Bxg2 17. exf7+ Kh8 18. Kxg2 Bxc3 19. Qd3) 16... Bxc3 17. Bxc3 Bxd5 18. Bxa5 Rxc1 19. Qxc1 Bxg2 20. Kxg2 Qd5+ 21. Kg1 Qxa5 22. Qc2 Qa3 23. Rd1 h6 24. Nc4 Qa6 25. a4 Qb7 26. Qd3 Rd8 27. Ne5 Rc8 28. Nc4 Qe7 29. Qd2 Nd5 30. Rc1 Qc7 31. Rc2 Rd8 32. Ne5 Qd6 33. Nc6 Ra8 34. Qc1 f6 35. Qe1 Rc8 36. Nb4 Rxc2 37. Nxc2 Kf7 38. Qe2 Qc6 39. Ne3 Qc1+ 40. Kg2 Nxe3+ 41. Qxe3 Qxe3 42. fxe3 e5 43. dxe5 f5 44. Kf3 Ke6 45. e4 Kxe5 46. exf5 Kxf5 47. h3 Ke5 48. Ke3 g6 49. Kd3 Kd5 50. h4 g5 (50... Kc5 $5 51. Kc3 a5 $11) 51. hxg5 hxg5 52. Ke3 Kc5 53. Ke4 Kb4 54. Kf5 Kxb3 55. Kxg5 Kxa4 ({Much weaker is} 55... a5 $6 56. g4 Kxa4 57. Kh6 $17) 56. Kf6 $2 (56. g4 $11 {and White stays safe.}) 56... b5 $2 (56... Kb4 $19 57. g4 a5) 57. g4 $11 b4 58. g5 b3 59. g6 b2 60. g7 b1=Q 61. g8=Q Qb2+ 62. Kf5 Qc2+ 63. Kf4 Qf2+ 64. Ke4 Qe2+ 65. Kf4 a5 66. Kg3 Qd3+ 67. Kh2 Qd6+ 68. Kh3 Qd3+ 69. Kh2 Qe2+ 70. Kh3 $2 (70. Kg3 $11) 70... Qf3+ $19 71. Kh2 Qf4+ (71... Ka3 $1 $19 {And now ...a4 would win.} 72. Qh7 a4) 72. Kh3 $15 Kb4 73. Qd8 ({White should play} 73. Qe6 $15) 73... Qe3+ (73... a4 $17 74. Qe7+ Kb3) 74. Kh4 $15 a4 75. Qd6+ Qc5 76. Qb8+ Kc4 77. Qg8+ Kc3 78. Qg3+ Kc2 79. Qg2+ Kb3 80. Qf3+ Qc3 81. Qd1+ Qc2 82. Qf3+ Qc3 83. Qd1+ Ka3 84. Kh5 Qc5+ 85. Kh4 Qe7+ 86. Kh5 Qe5+ 87. Kh4 Kb4 88. Qd2+ Qc3 89. Qd6+ Kb3 90. Qd1+ Qc2 91. Qf3+ Kb2 92. Qf6+ Ka2 (92... Qc3 $5 93. Qb6+ Ka1 94. Qg1+ Kb2 95. Qb6+ Ka1 $19) 93. Qe6+ Qb3 94. Qe2+ Ka3 95. Kh5 Qd5+ 96. Kh4 Kb4 97. Qb2+ Ka5 98. Qc3+ Ka6 99. Qc8+ Kb6 100. Qb8+ $1 Ka5 101. Qc7+ Kb5 102. Qb8+ Kc4 103. Qc7+ $1 Kd3 (103... Kb4 $1 $17 {( -> ...Qc4+)} 104. Qe7+ Kb3 105. Qe3+ Kb2 106. Qf2+ Kc3) 104. Qg3+ $11 Kc2 (104... Kd2 $5 105. Qf4+ Kc3 106. Qxa4 Qd6 $11) 105. Qf2+ (105. Qc7+ $1 $11 Kb2 106. Qg7+ Ka2 107. Qc3) 105... Qd2 $1 $17 106. Qf5+ Qd3 107. Qf2+ $2 (107. Qc5+ $11 {and White is okay.} Qc3 108. Qf5+ Kb3 109. Qb1+ Kc4 110. Qf1+ Qd3 111. Qf7+ Kc3 112. Qf8) 107... Kc3 $19 108. Qe1+ Kb3 109. Qe8 $2 (109. Kh5 $19) 109... a3 $1 110. Qb8+ {[%emt 0:01:40] [#]} Kc3 $1 111. Qa8 $2 {[%emt 0:00:07] [#]} (111. Kg5 $19) 111... Qc4+ $1 112. Kh5 a2 113. Qf3+ Kd2 0-1

[Event "Saint Louis Norm Congress-GM 2022"]
[Site "Saint Louis"]
[Date "2022.05.20"]
[Round "3.5"]
[White "Schitco, Ivan"]
[Black "Daggupati, Balaji"]
[Result "1/2-1/2"]
[ECO "D00"]
[WhiteElo "2484"]
[BlackElo "2486"]
[Annotator "TA"]
[PlyCount "86"]
[EventDate "2022.05.20"]
[EventType "tourn"]
[EventCountry "USA"]
[SourceTitle "playchess.com"]
[Source "ChessBase"]
[SourceQuality "1"]
[TimeControl "5400+30"]

1. d4 d5 2. Nf3 Nf6 3. Bf4 g6 4. Nc3 Bg7 5. Nb5 Na6 6. e3 {[%emt 0:01:48] D00: 1 d4 d5: Unusual lines.} O-O {[%emt 0:00:07] 6...0-0 scores better than 6...c6.} 7. h3 Ne4 8. Bd3 (8. Nd2 $11) 8... c6 $15 9. Nc3 {[%emt 0:01:33] [#]} Qa5 $146 ({Better is} 9... Nxc3 $1 $15 10. bxc3 c5) ({Predecessor:} 9... Nxc3 10. bxc3 c5 11. O-O Bd7 12. c4 cxd4 13. exd4 Nb4 14. cxd5 Ba4 15. Qd2 Nxd3 16. Qxd3 Qxd5 {0-1 (27) Dzagnidze,N (2515)-Harika,D (2518) Lausanne 2020}) 10. O-O $11 Nxc3 11. Qd2 {[%emt 0:01:27][%mdl 64] [#] Pin} c5 {[%emt 0:02:55][%cal Oc5c4] Strongly threatening ...c4!} 12. Qxc3 Qxc3 13. bxc3 cxd4 14. exd4 Nb8 15. Rfe1 Bf6 16. a4 Nc6 17. a5 Bd7 18. Reb1 Nd8 19. Ne5 Bxe5 20. Bxe5 Rc8 {[%emt 0:00:05] Against c4} 21. Ra3 f6 22. Bg3 Re8 23. f3 Bf5 24. Bb5 Rf8 25. Rb2 (25. a6 $5 b6 26. Re1 $16) 25... g5 26. Kf2 {[%emt 0:08:21] The position is equal.} Kg7 27. Ke1 h5 28. Bd3 Bxd3 29. cxd3 Rf7 30. Kd2 e6 31. Rab3 Rc6 32. Rb5 Rd7 33. Rb1 Kg6 34. h4 gxh4 35. Bxh4 Rdc7 36. Bg3 Rg7 {[%emt 0:00:08] aiming for ...Kf5.} 37. Rg1 Ra6 38. Bh4 Nc6 39. g4 {[%emt 0:00:30] And now gxh5+ would win.} Rxa5 40. gxh5+ Kxh5 41. Rxg7 Rxb5 42. Bxf6 Rb2+ 43. Kc1 Rf2 {[%emt 0:00:04] Weighted Error Value: White=0.08 (flawless) /Black=0.06 (flawless)} 1/2-1/2

[Event "Saint Louis Norm Congress-GM 2022"]
[Site "Saint Louis"]
[Date "2022.05.21"]
[Round "4.1"]
[White "Stearman, Josiah"]
[Black "Daggupati, Balaji"]
[Result "0-1"]
[ECO "D20"]
[WhiteElo "2375"]
[BlackElo "2486"]
[Annotator "TA"]
[PlyCount "70"]
[EventDate "2022.05.20"]
[EventType "tourn"]
[EventCountry "USA"]
[SourceTitle "playchess.com"]
[Source "ChessBase"]
[SourceQuality "1"]
[TimeControl "5400+30"]

1. d4 d5 2. c4 dxc4 3. e3 e5 4. Bxc4 Nc6 5. Nf3 e4 6. Nfd2 {[%emt 0:00:58] D20: Queen's Gambit Accepted: 3 e3 and 3 e4.} (6. Qb3 $5 Nh6 7. Nfd2 $11) 6... Qg5 7. Nxe4 Qxg2 8. Ng3 {[%emt 0:00:03] White has an edge.} Qh3 {[%emt 0:00:27] [#]} 9. e4 $146 (9. Qf3 Nf6 10. Bf1 Qg4 11. Qxg4 Bxg4 $11) (9. Qb3 $14) ({Predecessor:} 9. Nc3 Bd6 10. Qf3 Nh6 11. Bf1 Qh4 12. Qe4+ Qxe4 13. Ngxe4 Be7 14. Nd5 O-O 15. Bg2 {1-0 (58) Andreikin,D (2728)-Alekseenko,K (2693) Yasnaya Polyana 2021}) 9... Bg4 $1 $15 10. f3 O-O-O (10... Bd6 $5 11. e5 Bb4+ 12. Bd2 Bxd2+ 13. Nxd2 Bf5 $11) 11. Be3 {[%emt 0:12:35] [#]} (11. fxg4 $15 Nxd4 12. Bf1 (12. Bxf7 $2 Bd6 $19)) 11... Bd6 $1 $17 12. Kf2 Nf6 $2 (12... f5 $1 $17 {[%cal Rf5f4] Strongly threatening ...f4!} 13. fxg4 f4 14. Bxf4 (14. Be6+ $2 Kb8 $19) 14... Bxf4) 13. Nc3 $11 Qh4 14. Qe2 {[%emt 0:08:02] [#]} (14. Qd2 $11 {remains equal.}) 14... Bh3 {[%emt 0:13:17] Black is more active.} (14... Bf4 $1 $17 15. Rad1 (15. Bxf4 Nxd4 16. fxg4 Nxe2 $17) (15. d5 Ne5) 15... g5) 15. Rad1 $15 Bf4 16. e5 $2 (16. Bb5 $11 {and White has nothing to worry.}) 16... Rhe8 ({And not} 16... Nh5 17. Bxf4 Nxf4 18. Qe3 $17) 17. Bb5 {[%emt 0:08:57] [#]} Nxe5 $2 18. dxe5 $11 {[%emt 0:05:42] Rxd8+ is the strong threat.} Rxd1 19. Rxd1 (19. Qxd1 {with more complications.} Bxe3+ 20. Kxe3 Rxe5+ 21. Kd2) 19... Rxe5 {[%emt 0:04:13] Really sharp!} 20. Bxf4 Rxe2+ 21. Ncxe2 c6 22. Bc4 g5 {[%emt 0:01:33][%mdl 1024] Black has compensation.} 23. Be5 Nd7 24. Rd4 {[%emt 0:00:06] [#]} Qh6 (24... Nxe5 $1 $17 25. Rxh4 gxh4) 25. Bd6 Be6 26. Bxe6 (26. Ne4 $2 Bxc4 27. Bg3 (27. Rxc4 $2 f5 $19) 27... Be6 28. Nd6+ Kd8 29. Nxb7+ Ke8 $19) (26. h4 $1 $11) 26... Qxh2+ $17 27. Ke3 fxe6 28. Ne4 e5 29. Rd1 {[%emt 0:01:26] [#]} (29. Rd2 $17 {was the only defense.}) 29... Qh5 $2 (29... Nb6 $1 $19 30. Kd3 Qg2) 30. Be7 $132 {[%emt 0:02:25][%cal Od1d7][%mdl 2048] aiming for Rxd7! White puts up resistance} Nb6 (30... g4 $2 {[#]} 31. Rxd7 $1 gxf3 32. N2g3 $18) 31. Rd8+ (31. N2c3 $11) 31... Kc7 $15 {[%emt 0:00:04] Hoping for ...Nd5+.} 32. Nf6 {[%emt 0:00:48][%mdl 8192] Prevents Nd5+.} ({White should try} 32. Bxg5 $15 Nc4+ 33. Kf2) 32... Nc4+ $19 33. Kf2 $2 (33. Kd3 Nxb2+ 34. Kc2 (34. Ke4 $2 Qh4+ 35. Ke3 Nc4+ 36. Kd3 Qf2 $19)) 33... Qh2+ {[%emt 0:00:13] Black is clearly winning.} 34. Ke1 Qh1+ 35. Kf2 Qh4+ {[%emt 0:00:10] Weighted Error Value: White=0.92/Black=0.51} 0-1